 Dungeon Crawl Stone Soup version 0.27-a0-1136-g0b992a5a9d (webtiles) character file.

Game seed: 14532014176153982992

822373 miscthings the Sorcerer (level 27, -18/236 HPs)
             Began as a Djinni Conjurer on May 5, 2021.
             Was the Champion of Makhleb.
             Demolished by Xiclar the pandemonium lord (30 damage)
             ... in Pandemonium.
             The game lasted 03:05:23 (57335 turns).

miscthings the Sorcerer (Djinni Conjurer)          Turns: 57335, Time: 03:05:24

Health: -18/236    AC: 22    Str:  6      XL:     27
Gold:   5072       EV: 20    Int: 27 (28) God:    Makhleb [******] SH: 30 Dex: 17 (18)

rFire    + + .     SeeInvis +   P - staff of conjuration
rCold    + + .     Faith    .   C - +8 tower shield {AC+3}
rNeg     + + .     Spirit   .   m - +5 ring mail of the Elephant {+Inv rN+ Will+}
rPois    ∞         Reflect  .   e - +2 helmet {Int+3}
rElec    +         Harm     .   I - -2 cloak of the Cartwright {rElec SInv}
rCorr    +         Rampage  .   g - +2 pair of gloves
Will     ++++.                  (boots unavailable)
Stlth    +.........             K - amulet of regeneration
HPRegen  1.49/turn              T - ring of the Camelopard {rN+ rCorr Dex+7}
MPRegen  0.00/turn              X - ring "Kehofub" {rPois rC+++ Will+ Int-3 Dex-4}

@: unable to read, flying, studying Polearms
A: sickness immunity, fire resistance 2, cold vulnerability 1, float, innate
caster, hp casting, extra vitality 1, deterioration 1, dopey 1, robust 1,
inability to read while threatened
}: 6/15 runes: serpentine, barnacled, slimy, silver, abyssal, demonic
a: Renounce Religion, Evoke Invisibility, Minor Destruction, Lesser Servant of
Makhleb, Major Destruction, Greater Servant of Makhleb


You were in Pandemonium.
You worshipped Makhleb.
Makhleb was exalted by your worship.
You visited 12 branches of the dungeon, and saw 58 of its levels.
You visited Pandemonium 1 time, and saw 5 of its levels.
You visited the Abyss 1 time.
You visited 1 bazaar.
You also visited: Ossuary and Ice Cave.

You collected 11796 gold pieces.
You spent 6724 gold pieces at shops.

Inventory:

Missiles
 c - 11 throwing nets
Armour
 e - a +2 helmet of intelligence (worn)
 g - a +2 pair of gloves (worn)
 m - the +5 ring mail of the Elephant (worn) {+Inv rN+ Will+}
   (You found it in Pandemonium)

   It protects you from negative energy.
   It lets you turn invisible.
   It increases your willpower.
 q - the +5 scale mail of Shielding {rC- rN++}
   (You found it on level 5 of the Pits of Slime)

   It makes you vulnerable to cold.
   It greatly protects you from negative energy.
 C - a +8 tower shield of protection (worn)
 F - a +2 helmet of see invisible
 I - the -2 cloak of the Cartwright (worn) {rElec SInv}
   (You took it off a draconian monk on level 3 of the Realm of Zot)

   It insulates you from electricity.
   It lets you see invisible.
 O - the +3 robe of Pan-Flutes {rElec rF+ Regen+}
   (You bought it in a shop on level 7 of the Dungeon)

   It protects you from fire.
   It insulates you from electricity.
   It increases your rate of health regeneration.
 R - a scarf of repulsion
Magical Staves
 p - a staff of death
 P - a staff of conjuration (weapon)
Jewellery
 d - a +6 ring of intelligence
 K - an amulet of regeneration (around neck)
 Q - the ring of Oqeruen {+Blink rF+ Will+}
   (You found it on level 1 of the Vaults)

   [ring of willpower]

   It protects you from fire.
   It lets you blink.
   It increases your willpower.
 T - the ring of the Camelopard (left hand) {rN+ rCorr Dex+7}
   (You bought it in a shop on level 1 of the Snake Pit)

   [ring of positive energy]

   It affects your dexterity (+7).
   It protects you from negative energy.
   It protects you from acid and corrosion.
 X - the ring "Kehofub" (right hand) {rPois rC+++ Will+ Int-3 Dex-4}
   (You bought it in a shop on level 2 of the Elven Halls)

   [ring of willpower]

   It affects your intelligence (-3).
   It affects your dexterity (-4).
   It renders you almost immune to cold.
   It protects you from poison.
   It increases your willpower.
Wands
 a - a wand of iceblast (79)
 f - a wand of mindburst (50)
 t - a wand of acid (41)
 B - a wand of paralysis (48)
 S - a wand of digging (4)
Scrolls
 b - 9 scrolls of fear
 k - 9 scrolls of vulnerability
 l - 5 scrolls of summoning
 n - 4 scrolls of holy word
 s - 14 scrolls of magic mapping
 u - 12 scrolls of immolation
 w - 2 scrolls of torment
 x - 26 scrolls of teleportation
 H - 14 scrolls of fog
 M - 4 scrolls of blinking
 V - 43 scrolls of identify {@r1}
Potions
 h - 10 potions of mutation
 i - 15 potions of haste
 j - 16 potions of might
 o - 5 potions of lignification
 r - 6 potions of heal wounds
 z - 7 potions of invisibility
 D - 14 potions of curing
 E - 15 potions of brilliance
 J - 7 potions of attraction
 L - 6 potions of cancellation
 Y - 2 potions of resistance
 Z - a potion of ambrosia
Miscellaneous
 v - a phantom mirror
 A - a condenser vane
 U - a tin of tremorstones (2/2)
 W - a box of beasts


   Skills:
 + Level 23.1 Fighting
 * Level 13.1 Armour
 + Level 23.8 Dodging
 - Level 1.5 Stealth
 - Level 25.0 Shields
 * Level 26.2 Spellcasting
 - Level 12.0 Evocations


You couldn't memorise any spells.
You knew the following spells:

 Your Spells              Type           Power      Damage    Failure   Level
a - Iskenderun's Mystic   Conj/Tloc      100%       2d19      0%          4
b - Fire Storm            Conj/Fire      66%        8d17      4%          9
c - Conjure Ball Lightni  Conj/Air       66%        3x3d25    0%          6
d - Fulminant Prism       Conj/Hex       66%        3d28      0%          4
e - Searing Ray           Conj           100%       3d7       0%          2
f - Shock                 Conj/Air       100%       1d9       0%          1
g - Lee's Rapid Deconstr  Erth           54%        3d26*     0%          5
h - Vampiric Draining     Necr           54%        2d13      0%          3
i - Call Canine Familiar  Summ           100%       N/A       0%          3
j - Dispersal             Tloc           54%        N/A       0%          6
k - Corpse Rot            Necr/Air       N/A        N/A       0%          2
l - Death Channel         Necr           54%        N/A       0%          6
m - Dragon Form           Tmut           54%        N/A       1%          7
n - Dazzling Flash        Conj/Hex       100%       N/A       0%          3
o - Borgnjor's Revivific  Necr           54%        N/A       1%          8
p - Magic Dart            Conj           100%       1d8       0%          1
x - Spellforged Servitor  Conj/Summ      66%        N/A       1%          7
z - Borgnjor's Vile Clut  Necr/Erth      54%        N/A       0%          5
Your spell library was empty.

Dungeon Overview and Level Annotations

Branches:
Dungeon (15/15)            Temple (1/1) D:5            Lair (6/6) D:9
 Shoals (4/4) Lair:4        Snake (4/4) Lair:3        Slime (5/5) Lair:5
    Orc (2/2) D:11            Elf (3/3) Orc:2        Vaults (5/5) D:13
  Crypt (3/3) Vaults:3       Tomb (0/3) Crypt:3      Depths (5/5) D:15
    Zot (5/5) Depths:5    Ossuary (visited)           IceCv (visited)

Altars:
Ashenzari
Cheibriados
Dithmenos
Elyvilon
Fedhas
Gozag
Hepliaklqana
Kikubaaqudgha
Makhleb
Nemelex Xobeh
Qazlal
Ru
Sif Muna
Trog
Uskayaw
Vehumet
Wu Jian
Xom
Yredelemnul
Zin
The Shining One
Beogh

Shops:
D:3 [   D:5 (   D:6 (   D:7 [   Orc:2 (*:?   Elf:2 =   Snake:1 :=:
Snake:3 *!(:   Snake:4 =   Vaults:1 (**   Vaults:2 (   Vaults:4 [
Vaults:5 ?!==   Depths:1 [   Depths:2 [   Depths:4 ***   Depths:5 ([*!=

Portals:
Hell: Depths:1 Depths:2 Depths:3 Depths:4 Depths:5
Abyss: Depths:4
Pandemonium: Orc:2 Depths:3 Depths:5
Ziggurat: Depths:1


Innate Abilities, Weirdness & Mutations

You are immune to sickness and miasma.
You are immune to poison.
Your flesh is very heat resistant. (rF++)
You are vulnerable to cold. (rC-)
You float through the air rather than walking.
You learn spells naturally, not from books.
Your magical power is your life essence.
You have superior vitality. (+4 HP)
Your body sometimes deteriorates upon taking damage.
You are dopey. (Int -2)
You are robust. (+10% HP)
You sometimes lose the ability to read scrolls when taking damage.


Message History

Your body deteriorates!
You feel dopey.
You feel much better.
The zombie hands constrict the hellion.
You kill the hellion!
Makhleb accepts your kill.
You feel better.
Casting: Iskenderun's Mystic Blast (safe; 0% risk of failure)
Confirm with . or Enter, or press ? or * to list all spells.
Aiming: Borgnjor's Vile Clutch (safe; 0% risk of failure)
Press: ? - help, Shift-Dir - straight line, f - Xiclar
Aim: Xiclar (almost dead, fast, 100% to hit)
Zombie hands grab Xiclar.
* * * LOW HITPOINT WARNING * * *
The zombie hands constrict Xiclar!
You block Xiclar's attack. x2
Xiclar gestures at you. The blast of poison misses you.
Casting: Borgnjor's Vile Clutch (safe; 0% risk of failure)
Confirm with . or Enter, or press ? or * to list all spells.
You feel a surge of power!
You erupt in a blast of force!
The mystic blast hits Xiclar but does no damage.
Xiclar is almost dead.
* * * LOW HITPOINT WARNING * * *
The zombie hands constrict Xiclar, but do no damage.
Xiclar hits you!!
* * * LOW HITPOINT WARNING * * *
You block Xiclar's attack.
You feel much better.
The zombie hands constrict Xiclar!
Xiclar conjures an orb of pure magic.
You block the orb of destruction. Xiclar hits you!!
* * * LOW HITPOINT WARNING * * *
Xiclar hits you!
* * * LOW HITPOINT WARNING * * *
You cannot read scrolls in your current state!
You hit Xiclar but do no damage.
You blast Xiclar.
Xiclar is almost dead.
The zombie hands constrict Xiclar, but do no damage.
Xiclar gestures at you. The blast of poison misses you.
Xiclar sneers, "Kneel, thou droning spleeny maggot-pie!"
Xiclar hits you!!
You die...

### .....###
#..#....#...
...##..∩..#
##°?.##...##
##°○§§##.∩.##
###@°°☼☼##)..##
#.°§&§☼##.....#
###○§○#○...#
#+#☼☼..###
######


You could see Xiclar (fast, clutched).

Vanquished Creatures
  2 pandemonium lords (Pan)
  the Royal Jelly (Slime:5)
  The ghost of Ytolar the Conqueror, a legendary DsFi of Jiyva (Zot:3)
  8 dread liches
  3 orbs of fire
  4 ancient liches
  Mara (Snake:3)
  Mennas (Pan)
  Bai Suzhen (Vaults:4)
  2 Killer Klowns (Zot:5)
  Saint Roka (Depths:5)
  A curse toe (Zot:3)
  Xtahua (Crypt:1)
  21 caustic shrikes
  The ghost of Vyamogif the Executioner, a veteran FoFi of Dithmenos (Crypt:1)
  10 golden dragons
  Jory (Vaults:4)
  2 profane servitors (Crypt:3)
  7 starcursed masses (Abyss:3)
  3 bone dragons
  4 electric golems
  2 Brimstone Fiends (Pan)
  A shard shrike zombie (Crypt:3)
  Rupert (D:14)
  24 Orb Guardians (Zot:5)
  18 tentacled monstrosities
  An Ice Fiend (IceCv)
  6 liches
  8 titans
  2 deep elf blademasters (Elf:3)
  7 quicksilver dragons
  16 acid blobs
  Asterion (Depths:2)
  2 deep elf master archers (Elf:3)
  6 Executioners (Pan)
  11 death cobs
  A tentacled starspawn (Abyss:3)
  10 ancient champions
  Kirke (Lair:6)
  Frances (Shoals:1)
  11 sphinxes
  The ghost of freelancePsychic the Cruncher, an adept GnHu of Okawaru (Shoals:2)
  5 draconian monks (Zot:3)
  7 tengu reavers
  The ghost of Cutsopp the Severer, an adept MiBe of Trog (D:15)
  The ghost of Kias the Severer, an adept MiBe of Trog (D:15)
  Agnes (Snake:3)
  7 storm dragons
  11 shadow dragons
  3 nagarajas
  A daeva (Abyss:3)
  8 rockslimes
  7 azure jellies
  4 revenants
  5 draconian knights
  10 fire giants
  14 frost giants
  14 deep elf sorcerers
  A cacodemon (Pan)
  5 ghost moths
  7 balrugs
  The ghost of Uwkini Esoso the Frost Mage, an adept DrIE of Vehumet (D:15)
  An orc warlord (Vaults:1)
  8 draconian scorchers
  3 curse skulls
  2 warmongers (Pan)
  7 iron dragons
  3 draconian shifters (Zot:5)
  15 ironbound preservers
  16 vault wardens
  4 draconian stormcallers
  The ghost of freelancePsychic the Severer, a journeyman HOFi of Zin (Lair:5)
  7 ghouls
  8 quicksilver oozes
  Aizul (Shoals:3)
  7 draconian annihilators
  5 deep elf elementalists (Elf:3)
  3 spriggan defenders (Depths:2)
  3 reapers
  27 very ugly things
  3 war gargoyles
  17 stone giants
  Nessos (Lair:6)
  7 green draconians
  3 deep elf demonologists
  8 lorocyprocas
  10 vampire knights
  3 black suns (Pan)
  9 purple draconians
  2 corrupters (Pan)
  9 deep elf annihilators
  12 yellow draconians
  8 spark wasps
  10 black draconians
  3 dire elephants
  9 white draconians
  An entropy weaver (Vaults:2)
  4 red draconians
  5 merfolk javelineers
  A crystal guardian (Vaults:3)
  4 blizzard demons
  2 green deaths (Pan)
  8 eidola
  12 deep elf death magi
  6 fire dragons
  16 ettins
  10 jiangshi
  10 merfolk impalers
  15 yaktaur captains
  11 deep elf high priests
  7 boulder beetles
  12 ice dragons
  12 great orbs of eyes
  9 rakshasas
  31 vault guards
  Fannar (D:11)
  16 naga warriors
  2 spriggan air magi
  A hell beast (Pan)
  9 hydras
  A peacekeeper (Vaults:3)
  2 monstrous demonspawn (Pan)
  3 ogre magi
  2 alligator snapping turtles
  11 ironbound frosthearts
  5 salamander tyrants (Snake:4)
  10 ironbound thunderhulks
  Erica (D:9)
  6 merfolk aquamancers
  14 anacondas
  2 merfolk avatars
  3 catoblepae
  3 death knights
  3 satyrs
  30 dancing weapons
  17 centaur warriors
  3 death yaks (Lair:5)
  A death yak (shapeshifter) (Depths:3)
  4 tengu warriors
  2 two-headed ogres
  The ghost of Zdeegee the Magician, a journeyman TeVM of Gozag (D:10)
  2 deep troll earth magi
  20 vampire magi
  3 thrashing horrors
  7 deep troll shamans
  8 orc high priests (Orc:2)
  5 shock serpents
  4 spriggan berserkers
  Urug (Lair:1)
  11 hell knights
  4 iron trolls
  3 ironbound beastmasters
  Sonja (D:11)
  A hell hog (Depths:1)
  6 naga sharpshooters
  Nergalle (Orc:1)
  29 deep elf knights
  18 sun demons
  7 soul eaters
  A titan skeleton (Crypt:1)
  8 shadow wraiths
  3 wretched stars (Abyss:3)
  A spatial maelstrom (Abyss:3)
  15 sea snakes
  3 sixfirhies
  A death drake (shapeshifter) (Depths:2)
  16 skeletal warriors
  A deep troll (shapeshifter) (D:15)
  6 salamander mystics (Snake:4)
  2 infernal demonspawn
  25 deep trolls
  8 glowing orange brains
  6 flayed ghosts
  An anaconda zombie (Crypt:3)
  2 torturous demonspawn
  3 shadow demons (Pan)
  4 bog bodies
  5 naga ritualists
  14 deep elf archers
  15 ironbound convokers
  3 gelid demonspawn
  An obsidian statue (Crypt:1)
  5 lindwurms
  8 necromancers
  8 wizards
  18 harpies
  A shadow dragon zombie (Crypt:1)
  36 deep elf pyromancers
  17 phantasmal warriors
  A stone giant zombie (Crypt:1)
  12 orc knights
  A golden dragon skeleton (Crypt:2)
  35 deep elf zephyrmancers
  5 orc sorcerers (Orc:2)
  55 ugly things
  3 worldbinders (Abyss:3)
  12 mana vipers
  A fire giant zombie (Depths:3)
  A manticore (shapeshifter) (Depths:1)
  2 shadow dragon skeletons (Crypt:3)
  A faun (Shoals:1)
  8 manticores
  4 cyclopes
  4 merfolk sirens
  4 shining eyes
  21 elephants
  2 fire giant skeletons
  A frost giant skeleton (Depths:3)
  31 moths of wrath
  11 salamanders
  26 black mambas
  8 guardian serpents
  2 apocalypse crabs (Abyss:3)
  4 ice statues (IceCv)
  5 water nymphs
  A rust devil (Depths:5)
  38 smoke demons
  16 vault sentinels
  A molten gargoyle (Depths:1)
  4 eyes of devastation
  11 naga magi
  7 orange demons
  3 torpor snails
  A death yak zombie (Crypt:1)
  13 komodo dragons
  5 freezing wraiths
  31 cane toads
  2 anaconda simulacra (IceCv)
  10 yaktaurs
  A redback zombie (Crypt:1)
  A yellow draconian zombie (Crypt:3)
  6 hellions
  2 kobold demonologists
  An efreet (D:12)
  A rime drake (shapeshifter) (D:15)
  An unseen horror (D:12)
  4 rime drakes
  3 ancient zymes (Abyss:3)
  7 tormentors (Pan)
  3 tengu conjurers (Depths:1)
  2 demonic crawlers (Pan)
  11 hellwings
  14 ice devils
  8 red devils
  A golden dragon simulacrum (IceCv)
  4 guardian mummies (Crypt:3)
  A purple draconian skeleton (Crypt:2)
  3 polar bears
  2 wind drakes
  7 trolls
  A meliai (shapeshifter) (D:14)
  23 merfolk
  A hornet (D:11)
  20 blink frogs
  4 tyrant leeches (Lair:6)
  65 slime creatures
  2 hydra skeletons
  5 raiju
  3 dream sheep (Shoals:2)
  A frost giant simulacrum (Vaults:2)
  A guardian serpent zombie (Crypt:2)
  A fire dragon skeleton (Crypt:1)
  2 ettin zombies (Crypt:1)
  A shock serpent simulacrum (Crypt:3)
  13 snapping turtles
  11 flying skulls
  Sigmund (D:5)
  2 air elementals
  2 ice dragon skeletons (Crypt:3)
  2 shadows
  A dire elephant simulacrum (Crypt:3)
  2 vampires
  4 redbacks (Vaults:2)
  4 fire bats (Depths:1)
  12 ynoxinuls
  10 wraiths
  55 yaks
  6 wyverns
  7 fire elementals
  An ettin skeleton (Crypt:2)
  14 water elementals
  Grum (Lair:1)
  Eustachio (D:5)
  4 hogs (Lair:6)
  13 vampire mosquitoes
  7 basilisks
  10 golden eyes
  4 chaos spawn
  8 neqoxecs
  3 harpy simulacra (IceCv)
  8 large abominations
  38 nagas
  6 wargs
  2 iron troll simulacra (IceCv)
  An acid dragon (D:9)
  16 water moccasins
  A water moccasin (shapeshifter) (Depths:2)
  3 hydra simulacra
  A merfolk skeleton (Crypt:3)
  A floating eye (shapeshifter) (Depths:5)
  A floating eye (Lair:5)
  2 sky beasts (D:7)
  A deep troll skeleton (Crypt:3)
  A dream sheep zombie (Crypt:1)
  3 ice beasts
  40 orc warriors
  3 black bears
  5 necrophages
  7 boggarts
  A sky beast (shapeshifter) (Vaults:5)
  13 wolves
  6 ogres
  8 centaurs
  2 kobold brigands
  2 phantoms
  A rime drake skeleton (Crypt:2)
  21 bullfrogs
  2 wyvern zombies
  7 earth elementals
  A glowing shapeshifter simulacrum (Depths:3)
  2 scorpions
  A cyclops skeleton (Crypt:2)
  2 human skeletons (Vaults:2)
  3 killer bees (D:9)
  A troll skeleton (Crypt:1)
  14 wights
  3 howler monkeys
  5 electric eels
  A quasit (Abyss:2)
  31 orc priests
  5 centaur zombies
  A human zombie (Ossuary)
  3 jellies
  2 centaur skeletons
  4 hounds
  4 small abominations
  2 bullfrog skeletons (D:5)
  2 black bear skeletons
  3 iguanas
  Terence (D:2)
  23 orc wizards
  A basilisk skeleton (Crypt:2)
  2 acid dragon zombies
  A deep dwarf zombie (Crypt:3)
  A hound skeleton (D:5)
  3 mummies (Ossuary)
  Robin (D:2)
  3 adders
  8 gnolls
  A howler monkey skeleton (D:4)
  A swamp drake skeleton (Crypt:1)
  2 steam dragon skeletons (Crypt:1)
  3 white imps
  An ufetubus (D:6)
  4 adder zombies (Ossuary)
  4 worms
  2 dart slugs (D:3)
  The ghost of eooof the Caller, a weakling MfSu (D:4)
  104 orcs
  7 bats
  4 endoplasms
  3 giant cockroaches
  6 hobgoblins
  3 jackals (D:5)
  A quokka (D:1)
  5 ball pythons
  A ball python skeleton (Crypt:1)
  4 frilled lizards
  19 goblins
  3 goblin zombies (Ossuary)
  A hobgoblin zombie (Ossuary)
  18 kobolds
  3 kobold zombies (Ossuary)
  3 quokka zombies (Ossuary)
  2 rats (D:2)
  3 rat zombies (Ossuary)
  2 ball lightnings
  4 fire vortices
  A fulminant prism (Vaults:5)
  2 lurking horrors (Abyss:3)
  A starspawn tentacle (Abyss:3)
2622 creatures vanquished.

Vanquished Creatures (collateral kills)
  A Killer Klown (Zot:5)
  2 tentacled monstrosities
  A lich (Crypt:3)
  An Orb Guardian (Zot:5)
  2 storm dragons (Zot:5)
  A rockslime (Slime:5)
  A green draconian (Zot:5)
  3 yellow draconians
  A lorocyproca (Pan)
  A black sun (Pan)
  A red draconian (Zot:5)
  A black draconian (Zot:1)
  A purple draconian (Zot:3)
  A white draconian (Zot:5)
  A deep elf death mage (Crypt:1)
  The ghost of Nolbo the Transmogrifier, a journeyman OpTm of Elyvilon (D:9)
  A vampire mage (Crypt:3)
  2 soul eaters (Pan)
  A skeletal warrior (Crypt:2)
  A sixfirhy (Pan)
  An orc sorcerer (Orc:1)
  A manticore (Shoals:3)
  A red devil (Pan)
  A slime creature (Slime:5)
  2 large abominations (Pan)
  An orc warrior (D:8)
  A jelly (D:6)
  An orc priest (Orc:2)
  A halfling skeleton (Crypt:2)
  5 orcs
  29 ball lightnings
69 creatures vanquished.

Vanquished Creatures (others)
  A golden dragon (Vaults:5)
  A sphinx (Vaults:5)
  2 tengu reavers (Vaults:5)
  A shadow dragon (Vaults:5)
  A deep elf sorcerer (Elf:3)
  A vault warden (Vaults:5)
  A draconian shifter (Zot:4)
  A fire giant (Vaults:5)
  4 ironbound preservers
  2 stone giants
  A very ugly thing (Vaults:5)
  An entropy weaver (Abyss:3)
  2 ettins
  An ironbound thunderhulk (Vaults:5)
  2 vault guards (Vaults:5)
  A great orb of eyes (Depths:1)
  3 hell knights
  A deep elf knight (Elf:1)
  5 deep trolls
  A gelid demonspawn (Pan)
  An ironbound convoker (Vaults:5)
  A deep elf zephyrmancer (Elf:2)
  3 deep elf pyromancers
  An orc knight (Vaults:5)
  A cyclops (D:15)
  An ugly thing (Depths:1)
  An elephant (shapeshifter) (Vaults:5)
  5 vault sentinels (Vaults:5)
  A large abomination (Abyss:3)
  A rime drake (Lair:6)
  A freezing wraith (Vaults:5)
  An ice devil (IceCv)
  A slime creature (Slime:3)
  A small abomination (Abyss:2)
  A snapping turtle (Shoals:4)
  A redback (shapeshifter) (Vaults:5)
  2 water elementals
  A basilisk (shapeshifter) (Vaults:5)
  6 golden eyes
  A warg (shapeshifter) (Vaults:5)
  An ice beast (Abyss:3)
  4 orcs (Vaults:5)
  768 ball lightnings
  278 fire vortices
  46 fulminant prisms
  33 fungi
  A lurking horror (Abyss:3)
  159 plants
  2 starspawn tentacles (Abyss:3)
  A withered plant (Shoals:1)
1358 creatures vanquished.

Grand Total: 4049 creatures vanquished

Notes
Turn   | Place    | Note
-------+----------+-------------------------------------------
     0 | D:1      | miscthings the Djinni Conjurer began the quest for the Orb.
     0 | D:1      | Reached XP level 1. HP: 15/15 MP: 0/0
   554 | D:1      | Reached XP level 2. HP: 19/21 MP: 0/0
   718 | D:1      | Reached skill level 4 in Spellcasting
   857 | D:1      | Found a faded altar of an unknown god.
  1300 | D:2      | Reached XP level 3. HP: 22/25 MP: 0/0
  1300 | D:2      | Learned a level 1 spell: Shock
  1393 | D:2      | Noticed Robin
  1396 | D:2      | Killed Robin
  1397 | D:2      | Reached XP level 4. HP: 8/31 MP: 0/0
  1685 | D:2      | Noticed Terence
  1696 | D:2      | Killed Terence
  1697 | D:2      | Reached skill level 5 in Spellcasting
  2276 | D:3      | Found Pytsivuz's Armour Shop.
  2341 | D:3      | Reached XP level 5. HP: 16/35 MP: 0/0
  2341 | D:3      | Learned a level 2 spell: Corpse Rot
  2661 | D:3      | Found a sparkling altar of Nemelex Xobeh.
  2776 | D:3      | Found a white marble altar of Elyvilon.
  2776 | D:3      | You are sucked into a shaft and drop 1 floor!
  3046 | D:4      | Reached skill level 6 in Spellcasting
  3052 | D:4      | Reached XP level 6. HP: 20/40 MP: 0/0
  3055 | D:4      | Noticed a necrophage
  3062 | D:4      | Killed a necrophage
  3543 | D:4      | Noticed an orc warrior
  3556 | D:4      | Killed an orc warrior
  3557 | D:4      | Reached skill level 7 in Spellcasting
  3557 | D:4      | Reached XP level 7. HP: 28/45 MP: 0/0
  3557 | D:4      | Learned a level 3 spell: Vampiric Draining
  3576 | D:4      | Found a runed translucent gate.
  3576 | D:4      | Found a runed translucent gate.
  3587 | D:4      | Found a runed translucent gate.
  3588 | D:4      | Noticed eooof's ghost (weakling MfSu)
  4003 | D:4      | Killed eooof's ghost
  4053 | D:5      | Entered Level 5 of the Dungeon
  4105 | D:5      | Reached skill level 8 in Spellcasting
  4110 | D:5      | Reached XP level 8. HP: 25/50 MP: 0/0
  4209 | D:5      | Found a sand-covered staircase.
  4220 | Ossuary  | Entered an ossuary
  4616 | D:5      | Found a staircase to the Ecumenical Temple.
  4626 | Temple   | Entered the Ecumenical Temple
  4799 | Temple   | Became a worshipper of Makhleb the Destroyer
  4871 | D:5      | Noticed Sigmund
  4883 | D:5      | Killed Sigmund
  4884 | D:5      | Reached skill level 9 in Spellcasting
  5065 | D:5      | Found Azaucuh's Hydra Hut.
  5066 | D:5      | Noticed a six-headed hydra
  5455 | D:5      | Noticed Eustachio
  5464 | D:5      | Killed Eustachio
  5465 | D:5      | Reached skill level 10 in Spellcasting
  5465 | D:5      | Reached XP level 9. HP: 32/55 MP: 0/0
  5465 | D:5      | Learned a level 3 spell: Call Canine Familiar
  5778 | D:6      | Reached * piety under Makhleb
  5815 | D:6      | Reached skill level 11 in Spellcasting
  5959 | D:6      | Found Luoloeboa's Antique Weapon Shoppe.
  6023 | D:6      | Found a bloodstained altar of Trog.
  6307 | D:7      | Found a stormy altar of Qazlal.
  6779 | D:7      | Found Paffiext's Armour Boutique.
  7217 | D:7      | Reached skill level 1 in Fighting
  7217 | D:7      | Reached skill level 1 in Armour
  7217 | D:7      | Reached skill level 1 in Evocations
  7220 | D:7      | Reached XP level 10. HP: 56/62 MP: 0/0
  7386 | D:8      | Reached ** piety under Makhleb
  7934 | D:8      | Noticed a centaur warrior
  8014 | D:8      | Killed a centaur warrior
  8255 | D:9      | Found a staircase to the Lair.
  8270 | D:9      | Reached skill level 12 in Spellcasting
  8448 | D:9      | Reached *** piety under Makhleb
  8556 | D:9      | Reached skill level 5 in Dodging
  8574 | D:9      | Found a large runed translucent door.
  8574 | D:9      | Noticed Nolbo's ghost (journeyman OpTm)
  8575 | D:9      | Found a large runed translucent door.
  8646 | D:9      | Noticed Erica
  8981 | D:9      | Reached XP level 11. HP: 72/72 MP: 0/0
  8981 | D:9      | Learned a level 5 spell: Borgnjor's Vile Clutch
  9204 | D:9      | Noticed a two-headed ogre
  9209 | D:9      | Killed a two-headed ogre
  9291 | D:9      | Killed Erica
  9384 | D:9      | Killed Nolbo's ghost
  9385 | D:9      | Reached skill level 5 in Fighting
  9385 | D:9      | Reached skill level 5 in Evocations
  9459 | Lair:1   | Entered Level 1 of the Lair of Beasts
  9500 | Lair:1   | Noticed Grum
  9508 | Lair:1   | Killed Grum
  9510 | Lair:1   | Reached **** piety under Makhleb
  9913 | Lair:1   | Noticed Urug
  9920 | Lair:1   | Killed Urug
 10770 | Lair:2   | Reached XP level 12. HP: 77/83 MP: 0/0
 11402 | Lair:3   | Noticed a boulder beetle
 11436 | Lair:3   | Killed a boulder beetle
 11529 | Lair:3   | Reached skill level 1 in Shields
 11558 | Lair:3   | Reached skill level 13 in Spellcasting
 11622 | Lair:3   | Reached ***** piety under Makhleb
 11627 | Lair:3   | Noticed a five-headed hydra
 11635 | Lair:3   | Killed a five-headed hydra
 11742 | Lair:3   | Reached XP level 13. HP: 55/92 MP: 0/0
 11742 | Lair:3   | Learned a level 5 spell: Lee's Rapid Deconstruction
 11952 | Lair:3   | Found a staircase to the Snake Pit.
 12016 | Lair:3   | You are sucked into a shaft and drop 3 floors!
 12016 | Lair:6   | Entered Level 6 of the Lair of Beasts
 12067 | Lair:6   | Noticed Kirke
 12072 | Lair:6   | Reached skill level 10 in Dodging
 12073 | Lair:6   | Reached skill level 5 in Shields
 12075 | Lair:6   | Killed Kirke
 12271 | Lair:5   | Noticed freelancePsychic's ghost (journeyman HOFi)
 12488 | Lair:4   | Reached XP level 14. HP: 90/101 MP: 0/0
 12502 | Lair:4   | Found a staircase to the Shoals.
 12582 | Lair:4   | Identified the +4 chain mail of the Bulwark {rF+}
 13448 | Lair:5   | Found a runed translucent gate.
 13448 | Lair:5   | Found a runed translucent gate.
 13448 | Lair:5   | Found a runed translucent gate.
 13492 | Lair:5   | Reached ****** piety under Makhleb
 13655 | Lair:5   | Found a staircase to the Slime Pits.
 13941 | Lair:6   | Noticed Nessos
 13955 | Lair:6   | Killed Nessos
 14018 | Lair:6   | Reached skill level 10 in Fighting
 14022 | Lair:6   | Reached skill level 10 in Evocations
 14091 | Lair:6   | Reached skill level 14 in Spellcasting
 14986 | D:10     | Entered Level 10 of the Dungeon
 15303 | D:7      | Bought the +3 robe of Pan-Flutes {rElec rF+ Regen+} for 550
                  | gold pieces
 15562 | D:10     | Found a runed translucent gate.
 15562 | D:10     | Found a runed translucent gate.
 15562 | D:10     | Found a runed translucent gate.
 15563 | D:10     | Noticed Zdeegee's ghost (journeyman TeVM)
 15579 | D:10     | Killed Zdeegee's ghost
 15580 | D:10     | Reached XP level 15. HP: 109/109 MP: 0/0
 15580 | D:10     | Learned a level 6 spell: Dispersal
 15652 | D:10     | Found an ornate altar of the Wu Jian Council.
 15768 | D:10     | Found a snail-covered altar of Cheibriados.
 15770 | D:10     | Found a sacrificial altar of Ru.
 15770 | D:10     | Found a broken altar of Ashenzari.
 15943 | D:10     | Found a large runed translucent door.
 15943 | D:10     | Found a large runed translucent door.
 16350 | D:11     | Noticed Sonja
 16354 | D:11     | Killed Sonja
 16486 | D:11     | Noticed Fannar
 16602 | D:11     | Killed Fannar
 16788 | D:11     | Found a staircase to the Orcish Mines.
 17179 | D:3      | Bought a scarf of repulsion for 120 gold pieces
 17430 | Orc:1    | Entered Level 1 of the Orcish Mines
 17521 | Orc:1    | Noticed Nergalle
 17533 | Orc:1    | Killed Nergalle
 17796 | Orc:2    | Entered Level 2 of the Orcish Mines
 17832 | Orc:2    | Found a staircase to the Elven Halls.
 18107 | Orc:2    | Found Atrejugu's Magic Scroll Shop.
 18108 | Orc:2    | Found Zetujacvis's General Store.
 18281 | Orc:2    | Found Retti's Antique Weapon Shoppe.
 18281 | Orc:2    | Found Ralugomuss's Book Emporium.
 18281 | Orc:2    | Found a one-way gate leading to the halls of Pandemonium.
 18335 | Orc:2    | Bought 2 scrolls of identify for 64 gold pieces
 18338 | Orc:2    | Bought a scroll of identify for 32 gold pieces
 18341 | Orc:2    | Bought a potion of mutation for 120 gold pieces
 18342 | Orc:2    | Gained mutation: You are robust. (+10% HP) [potion of
                  | mutation]
 18342 | Orc:2    | Gained mutation: Your body sometimes deteriorates upon
                  | taking damage. [potion of mutation]
 18342 | Orc:2    | Gained mutation: You are dopey. (Int -2) [potion of
                  | mutation]
 19717 | D:13     | Found a gate to the Vaults.
 19725 | D:13     | Reached XP level 16. HP: 91/128 MP: 0/0
 20285 | D:14     | Noticed Rupert
 20301 | D:14     | Killed Rupert
 20825 | D:15     | Entered Level 15 of the Dungeon
 20916 | D:15     | Found a runed translucent gate.
 20916 | D:15     | Found a runed translucent gate.
 20916 | D:15     | Found a runed translucent gate.
 20942 | D:15     | Found a staircase to the Depths.
 21408 | D:15     | Noticed Uwkini Esoso's ghost (adept DrIE)
 21408 | D:15     | Noticed Kias's ghost (adept MiBe)
 21408 | D:15     | Noticed Cutsopp's ghost (adept MiBe)
 21460 | D:15     | Killed Uwkini Esoso's ghost
 21460 | D:15     | Killed Cutsopp's ghost
 21461 | D:15     | Reached skill level 10 in Shields
 21508 | D:15     | Killed Kias's ghost
 21818 | Snake:1  | Entered Level 1 of the Snake Pit
 21964 | Snake:1  | Reached skill level 15 in Spellcasting
 22207 | Snake:1  | Found Corri's Book Emporium.
 22208 | Snake:1  | Found Zaruic's Jewellery Shop.
 22210 | Snake:1  | Found Ruhygi's Book Emporium.
 22226 | Snake:1  | Bought the ring of the Camelopard {rN+ rCorr Dex+7} for 520
                  | gold pieces
 22542 | Snake:2  | Noticed a nagaraja
 22550 | Snake:2  | Killed a nagaraja
 22929 | Snake:2  | Found a frozen archway.
 22951 | IceCv    | Entered an ice cave
 23197 | IceCv    | Reached XP level 17. HP: 120/137 MP: 0/0
 23197 | IceCv    | Learned a level 6 spell: Conjure Ball Lightning
 23247 | IceCv    | Noticed an Ice Fiend
 23252 | IceCv    | Killed an Ice Fiend
 23264 | IceCv    | Identified the +4 triple sword "Litsipru" {flame, rPois rF+
                  | Will+}
 23726 | Snake:3  | Found Vaafa's General Store.
 23733 | Snake:3  | Bought a potion of attraction for 39 gold pieces
 23936 | Snake:3  | Found Fucyge Cuesh's Distillery.
 23941 | Snake:3  | Found Tuimyn's Antique Weapon Shop.
 23944 | Snake:3  | Bought 2 potions of brilliance for 136 gold pieces
 23944 | Snake:3  | Bought a potion of haste for 170 gold pieces
 23944 | Snake:3  | Noticed Agnes
 23949 | Snake:3  | Killed Agnes
 23989 | Snake:3  | Bought a crystal whip for 225 gold pieces
 23989 | Snake:3  | Identified the +11 whip "Kogokeop" {speed, rElec Str+4
                  | Int-4 Dex+3} (You bought it in a shop on level 3 of the
                  | Snake Pit)
 24146 | Snake:3  | Noticed Mara
 24159 | Snake:3  | Killed Mara
 24191 | Snake:3  | Found Weusil's Book Boutique.
 24360 | Snake:4  | Entered Level 4 of the Snake Pit
 24542 | Snake:4  | Found Vubaongu's Jewellery Shop.
 25241 | Snake:4  | Reached XP level 18. HP: 147/147 MP: 0/0
 25257 | Snake:4  | Reached skill level 15 in Dodging
 25314 | Snake:4  | Reached skill level 16 in Spellcasting
 25323 | Snake:4  | Got a serpentine rune of Zot
 25669 | Shoals:1 | Entered Level 1 of the Shoals
 25702 | Shoals:1 | You are sucked into a shaft and drop 1 floor!
 25795 | Shoals:1 | Noticed Frances
 25811 | Shoals:1 | Killed Frances
 25933 | Shoals:1 | Found a flickering gateway to a bazaar.
 25940 | Bazaar   | Entered a bazaar
 25940 | Bazaar   | Found Eqash's Distillery.
 25940 | Bazaar   | Found Soghume's Weapon Shoppe.
 25940 | Bazaar   | Found Xitz's Weapon Shoppe.
 25940 | Bazaar   | Found Aliataw's Assorted Antiques.
 25956 | Bazaar   | Bought a scroll of immolation for 56 gold pieces
 25968 | Bazaar   | Bought 2 potions of haste for 240 gold pieces
 25968 | Bazaar   | Bought a potion of brilliance for 48 gold pieces
 25968 | Bazaar   | Bought a potion of mutation for 96 gold pieces
 26856 | Shoals:2 | Found a runed translucent gate.
 26856 | Shoals:2 | Found a runed translucent gate.
 26856 | Shoals:2 | Found a runed translucent gate.
 26860 | Shoals:2 | Noticed freelancePsychic's ghost (adept GnHu)
 26870 | Shoals:2 | Killed freelancePsychic's ghost
 26883 | Shoals:2 | Identified the +0 pair of boots of Ciadeito {rPois rF- rN++
                  | Stlth+}
 27349 | Shoals:3 | Reached XP level 19. HP: 155/155 MP: 0/0
 27349 | Shoals:3 | Learned a level 6 spell: Death Channel
 27440 | Shoals:3 | Noticed Aizul
 27451 | Shoals:3 | Killed Aizul
 28146 | Shoals:4 | Entered Level 4 of the Shoals
 28207 | Shoals:4 | Identified the +3 leather armour "Afoinnip" {rC+ Will-
                  | Str+4}
 28309 | Shoals:4 | Reached skill level 15 in Fighting
 28400 | Shoals:4 | Identified the +0 plate armour "Xomaul" {Harm rC+ rN+
                  | Dex+4}
 28541 | Shoals:4 | Reached skill level 5 in Armour
 28562 | Shoals:4 | Got a barnacled rune of Zot
 29231 | Elf:1    | Entered Level 1 of the Elven Halls
 29526 | Elf:1    | Identified the +2 ring mail of Analysis {rF+ rN+ Slay-2
                  | SInv}
 29913 | Elf:1    | Identified the +0 trident of Peace {venom, rF+ Dex+4}
 30254 | Elf:2    | Found Wotugint's Jewellery Shop.
 30358 | Elf:2    | Found a runed translucent gate.
 30358 | Elf:2    | Found a runed translucent gate.
 30358 | Elf:2    | Found a runed translucent gate.
 30383 | Elf:2    | Reached XP level 20. HP: 149/166 MP: 0/0
 31192 | Elf:3    | Entered Level 3 of the Elven Halls
 31218 | Elf:3    | Reached skill level 17 in Spellcasting
 31723 | Elf:3    | Reached XP level 21. HP: 177/177 MP: 0/0
 31723 | Elf:3    | Learned a level 7 spell: Dragon Form
 31884 | Elf:3    | Identified the ring "Agummuro" {rPois rF+ rC- Will+ Dex+2}
 31900 | Elf:3    | Reached skill level 15 in Shields
 32001 | Elf:3    | Identified the +1 dagger of Suoxali {freeze, rPois rC+}
 32016 | Elf:3    | Identified the +5 scale mail of the Unbroken {rC+}
 32607 | Slime:1  | Entered Level 1 of the Pits of Slime
 32919 | Vaults:1 | Entered Level 1 of the Vaults
 33385 | Vaults:1 | Found Gozag's Assorted Antiques.
 33463 | Vaults:1 | Found Gozag's Antique Weapon Boutique.
 33464 | Vaults:1 | Found Gozag's Assorted Antiques.
 33489 | Vaults:1 | Found an opulent altar of Gozag.
 33665 | Vaults:1 | Identified the ring of Oqeruen {+Blink rF+ Will+}
 34132 | Vaults:2 | Reached skill level 10 in Armour
 34378 | Vaults:2 | Reached XP level 22. HP: 173/187 MP: 0/0
 34841 | Vaults:2 | Found Viucoc's Antique Weapon Boutique.
 35299 | Vaults:3 | Paralysed by a sphinx for 3 turns
 35300 | Vaults:3 | Reached skill level 18 in Spellcasting
 35980 | Vaults:3 | Found a staircase to the Crypt.
 36345 | Vaults:4 | Noticed Bai Suzhen
 36366 | Vaults:4 | Killed Bai Suzhen
 36454 | Vaults:4 | Found Paqot's Antique Armour Shoppe.
 36472 | Vaults:4 | Cast into level 2 of the Abyss (a wizard)
 37380 | Abyss:3  | Reached XP level 23. HP: 105/195 MP: 0/0
 37380 | Abyss:3  | Learned a level 7 spell: Spellforged Servitor
 37447 | Abyss:3  | Identified the +1 chain mail of Pragmatism {rCorr Dex+5}
 37486 | Abyss:3  | Got an abyssal rune of Zot
 37506 | Vaults:4 | Escaped the Abyss
 37744 | Vaults:4 | Found Gekkame's Armour Shop.
 37897 | Vaults:4 | Noticed Jory
 37910 | Vaults:4 | Killed Jory
 39027 | Elf:2    | Bought the ring "Kehofub" {rPois rC+++ Will+ Int-3 Dex-4}
                  | for 791 gold pieces
 39401 | Vaults:5 | Entered Level 5 of the Vaults
 39482 | Vaults:5 | Noticed a dread lich
 39620 | Vaults:5 | Identified a scroll of acquirement
 39840 | Vaults:5 | Identified the +2 chain mail "Juidwume" {Dex+5}
 39843 | Vaults:5 | Got a silver rune of Zot
 39879 | Vaults:5 | Reached XP level 24. HP: 92/204 MP: 0/0
 39901 | Vaults:5 | Killed a dread lich
 39902 | Vaults:5 | Reached skill level 19 in Spellcasting
 40109 | Vaults:5 | Found Asucleawk's Magic Scroll Emporium.
 40113 | Vaults:5 | Bought a scroll of magic mapping for 77 gold pieces
 40113 | Vaults:5 | Bought a scroll of fog for 44 gold pieces
 40113 | Vaults:5 | Bought a scroll of teleportation for 66 gold pieces
 40113 | Vaults:5 | Bought a scroll of fear for 77 gold pieces
 40174 | Vaults:5 | Noticed a dread lich
 40187 | Vaults:5 | Killed a dread lich
 40256 | Vaults:5 | Found the +6 Majin-Bo {vamp, MP+6 Int+6}
 40288 | Vaults:5 | Acquired a +0 tower shield of protection
 40532 | Vaults:5 | Found Yjono's Jewellery Boutique.
 40541 | Vaults:5 | Found Mabbeots's Jewellery Shoppe.
 40542 | Vaults:5 | Found Plog's Distillery.
 40550 | Vaults:5 | Bought 2 potions of haste for 340 gold pieces
 40550 | Vaults:5 | Bought 2 potions of mutation for 272 gold pieces
 40550 | Vaults:5 | Bought a potion of cancellation for 136 gold pieces
 40550 | Vaults:5 | Bought a potion of attraction for 51 gold pieces
 40550 | Vaults:5 | Bought a potion of curing for 51 gold pieces
 40550 | Vaults:5 | Bought a potion of haste for 170 gold pieces
 40550 | Vaults:5 | Bought a potion of curing for 51 gold pieces
 40550 | Vaults:5 | Bought a potion of resistance for 170 gold pieces
 40758 | Vaults:5 | Bought a potion of heal wounds for 85 gold pieces
 41301 | Snake:3  | Bought a potion of heal wounds for 85 gold pieces
 41301 | Snake:3  | Bought a potion of curing for 51 gold pieces
 41301 | Snake:3  | Bought a potion of heal wounds for 85 gold pieces
 41301 | Snake:3  | Bought a potion of curing for 51 gold pieces
 41649 | Orc:2    | Bought an iridescent hand crossbow for 212 gold pieces
 41649 | Orc:2    | Identified the +8 hand crossbow of Xom's Indignation
                  | {vorpal, rPois rC+ Int+2} (You bought it in a shop on level
                  | 2 of the Orcish Mines)
 41786 | Depths:1 | Entered Level 1 of the Depths
 41939 | Depths:1 | Noticed a dread lich
 41940 | Depths:1 | Found a gateway to a ziggurat.
 41940 | Depths:1 | Noticed a dread lich
 42058 | Depths:1 | Found a gateway to Hell.
 42234 | Depths:1 | Found Xuclatit's Armour Shoppe.
 42313 | Depths:1 | Killed a dread lich
 42317 | Depths:1 | Killed a dread lich
 42476 | Depths:2 | Found Acodi's Armour Shoppe.
 42529 | Depths:2 | Reached XP level 25. HP: 213/213 MP: 0/0
 42529 | Depths:2 | Learned a level 8 spell: Borgnjor's Revivification
 43113 | Depths:2 | Identified the Handbook of Dark Cold
 43613 | Depths:2 | Noticed Asterion
 43621 | Depths:2 | Killed Asterion
 43896 | Depths:2 | Identified the ring "Hytzuwku" {rF+ Will+}
 44087 | Depths:3 | Reached skill level 20 in Spellcasting
 44093 | Depths:3 | Reached XP level 26. HP: 181/223 MP: 0/0
 44237 | Depths:3 | Identified the +3 leather armour "Gitaavom" {rC+ rN+ Str+3}
 44316 | Depths:3 | Found a sacrificial altar of Ru.
 44553 | Depths:3 | Identified the amulet "Tainow" {Acrobat Rampage rN+ Dex+4
                  | Stlth-}
 44827 | Depths:3 | Found a hide-covered altar of Uskayaw.
 44975 | Depths:4 | Found Cuufuphe's General Store.
 44977 | Depths:4 | Found Ovug's General Store.
 44979 | Depths:4 | Found Zuikhlopa's Assorted Antiques.
 44991 | Depths:4 | Bought a potion of brilliance for 132 gold pieces
 44991 | Depths:4 | Bought a potion of haste for 330 gold pieces
 44991 | Depths:4 | Bought a potion of brilliance for 132 gold pieces
 44991 | Depths:4 | Bought a potion of invisibility for 264 gold pieces
 45335 | Depths:4 | Found a one-way gate to the infinite horrors of the Abyss.
 45589 | Depths:5 | Entered Level 5 of the Depths
 45687 | Depths:5 | Identified the +4 scale mail of Lilacs {rF+}
 45709 | Depths:5 | Found Gavuodghi's Jewellery Boutique.
 45888 | Depths:5 | Reached XP level 27. HP: 206/232 MP: 0/0
 45888 | Depths:5 | Learned a level 9 spell: Fire Storm
 45912 | Depths:5 | Noticed Saint Roka
 45940 | Depths:5 | Killed Saint Roka
 45971 | Depths:5 | Found Jaumyrphu's General Store.
 46010 | Depths:5 | Bought a potion of brilliance for 52 gold pieces
 46020 | Depths:5 | Found Asog's Distillery.
 46034 | Depths:5 | Bought a potion of lignification for 39 gold pieces
 46034 | Depths:5 | Bought a potion of haste for 130 gold pieces
 46034 | Depths:5 | Bought a potion of cancellation for 104 gold pieces
 46034 | Depths:5 | Bought a potion of haste for 130 gold pieces
 46034 | Depths:5 | Bought a potion of haste for 130 gold pieces
 46122 | Depths:5 | Found Nadghefoi's Antique Armour Emporium.
 46214 | Depths:5 | Reached skill level 21 in Spellcasting
 46350 | Depths:5 | Found a gate to the Realm of Zot.
 46438 | Depths:5 | Found Buesch's Weapon Boutique.
 46512 | Depths:5 | Noticed an ancient lich
 46512 | Depths:5 | Noticed an ancient lich
 46517 | Depths:5 | Killed an ancient lich
 46517 | Depths:5 | Killed an ancient lich
 46683 | Depths:5 | Reached skill level 22 in Spellcasting
 47681 | Lair:5   | Killed freelancePsychic's ghost
 47816 | Slime:5  | Entered Level 5 of the Pits of Slime
 47861 | Slime:5  | Noticed the Royal Jelly
 47864 | Slime:5  | Killed the Royal Jelly
 47929 | Slime:5  | Got a slimy rune of Zot
 47930 | Slime:5  | Identified the Handbook of Destructive Clay
 47975 | Slime:5  | Identified the +5 scale mail of Shielding {rC- rN++}
 47985 | Slime:5  | Identified the +9 great sword of the Wary Knaves {drain,
                  | rF- Int+4}
 47987 | Slime:5  | Identified the +1 plate armour of Caemi {rN+ Stlth+}
 48635 | Crypt:1  | Entered Level 1 of the Crypt
 48639 | Crypt:1  | Found a transporter.
 48692 | Crypt:1  | Found a transporter.
 48696 | Crypt:1  | Reached skill level 23 in Spellcasting
 48860 | Crypt:1  | Noticed Xtahua
 48872 | Crypt:1  | Killed Xtahua
 49063 | Crypt:1  | Found a runed translucent gate.
 49063 | Crypt:1  | Found a runed translucent gate.
 49063 | Crypt:1  | Found a runed translucent gate.
 49064 | Crypt:1  | Noticed Vyamogif's ghost (veteran FoFi)
 49087 | Crypt:1  | Killed Vyamogif's ghost
 50037 | Crypt:3  | Entered Level 3 of the Crypt
 50042 | Crypt:3  | Reached skill level 24 in Spellcasting
 50370 | Crypt:3  | Found a staircase to the Tomb.
 50549 | Crypt:3  | Found a basalt altar of Yredelemnul.
 50844 | Crypt:3  | Identified the ring of Ocvoseumm {Slay+3 SInv}
 50901 | Crypt:3  | Identified the +4 hand crossbow of Hizonohe {flame, Str+3}
 51316 | Zot:1    | Entered Level 1 of the Realm of Zot
 51539 | Zot:1    | Noticed an orb of fire
 51547 | Zot:1    | Killed an orb of fire
 51564 | Zot:1    | Reached skill level 25 in Spellcasting
 53366 | Zot:3    | Found a transporter.
 53366 | Zot:3    | Found a transporter.
 53371 | Zot:3    | Identified the -1 cloak "Duunysur" {Stlth+}
 53375 | Zot:3    | Identified the -2 cloak of the Cartwright {rElec SInv}
 53398 | Zot:3    | Found the necklace of Bloodlust {*Rage +Rage Will++ Int-3
                  | Slay+6}
 53584 | Zot:3    | Found a bloodstained altar of Trog.
 53585 | Zot:3    | Noticed Ytolar's ghost (legendary DsFi)
 53825 | Zot:3    | Killed Ytolar's ghost
 54858 | Zot:5    | Entered Level 5 of the Realm of Zot
 55328 | Zot:5    | Noticed a dread lich
 55330 | Zot:5    | Killed a dread lich
 55332 | Zot:5    | Noticed an orb of fire
 55335 | Zot:5    | Noticed an orb of fire
 55340 | Zot:5    | Gained mutation: You sometimes lose the ability to read
                  | scrolls when taking damage. [an orb of fire]
 55340 | Zot:5    | Killed an orb of fire
 55341 | Zot:5    | Killed an orb of fire
 55341 | Zot:5    | Noticed a dread lich
 55342 | Zot:5    | Noticed a dread lich
 55344 | Zot:5    | Noticed an ancient lich
 55346 | Zot:5    | Killed a dread lich
 55347 | Zot:5    | Noticed a dread lich
 55347 | Zot:5    | Killed a dread lich
 55349 | Zot:5    | Killed an ancient lich
 55351 | Zot:5    | Killed a dread lich
 55355 | Zot:5    | Noticed an ancient lich
 55360 | Zot:5    | Killed an ancient lich
 56043 | Pan      | Entered Pandemonium
 56347 | Pan      | Noticed Tutzac the pandemonium lord
 56363 | Pan      | Killed Tutzac the pandemonium lord
 56583 | Pan      | Reached skill level 26 in Spellcasting
 56644 | Pan      | Identified the +10 scale mail of the Unseen Realm {Contam
                  | +Blink +Inv}
 56684 | Pan      | Got a demonic rune of Zot
 56887 | Pan      | Noticed Mennas
 56895 | Pan      | Killed Mennas
 56897 | Pan      | Noticed Nuuxuis the pandemonium lord
 56900 | Pan      | Killed Nuuxuis the pandemonium lord
 56994 | Pan      | Identified the +5 ring mail of the Elephant {+Inv rN+
                  | Will+}
 56996 | Pan      | Found a runed translucent door.
 57312 | Pan      | Noticed Xiclar the pandemonium lord
 57334 | Pan      | HP: 10/236 [Xiclar the pandemonium lord (15)]
 57335 | Pan      | Demolished by Xiclar the pandemonium lord

Illustrated notes

Levels and vault maps discovered:
D:1:      lightli_arrival_quake, layout_basic,
          shapermc_ecumenical_altar_totnotflames, minivault_27,
          minmay_tetromino_l2
D:2:      layout_basic, uniq_terence, uniq_robin
D:3:      layout_basic, pf_just_have_faith, nemelex_xobeh_ov_fountains_minmay,
          serial_shops, shop
D:4:      layout_gridville, gammafunk_ghost_necromancy
D:5:      layout_basic, minmay_temple_entry_glass, enter_ossuary_1,
          chequers_serial_rivers_micro_c, doesnt_shop_hydraphobe, uniq_sigmund,
          uniq_eustachio
D:6:      layout_basic, gammafunk_temple_overflow_elements, serial_shops, shop
D:7:      layout_basic, lemuel_crystal_altar, serial_shops, nicolae_shop_crystal
D:8:      layout_loops_cross, special_room [special_room_orc]
D:9:      layout_roguey, lair_entry_dummy, ebering_ghost_disaster_area,
          kennysheep_opposing_triangles, uniq_erica
D:10:     layout_irregular_city, chequers_temple_overflow_statue_of_worship,
          nicolae_wu_jian_immortal_techniques, ebering_ghost_rock_garden,
          lightli_elemental_guards
D:11:     layout_grid_maze, orc_0_dummy, uniq_fannar, uniq_sonja
D:12:     layout_small_grid
D:13:     layout_rooms, erik_vaults_1, serial_curves, eino_curves_04,
          eino_curves_04
D:14:     layout_long_grid, infiniplex_staircase_star, serial_co_window_serial,
          co_window_paths_a, co_window_paths_a, co_window_corner_a,
          co_window_paths_b, co_window_cross_1, co_window_broadway_b,
          co_window_corner_ca, co_window_unsneaky_path_c, co_window_2corner,
          co_window_unsneaky_path_c, glass_columns_b, glass_columns_a,
          glass_columns_a, uniq_rupert
D:15:     grunt_enter_depths_giant_problem, layout_rooms, lemuel_blue_sif_altar,
          gammafunk_ghost_cemetery, minmay_fountain_box, eino_tiny_chamber,
          lemuel_flame_loot_1
Temple:   nicolae_temple_figure_eight
Lair:1:   layout_cave_pods, uniq_urug, uniq_grum
Lair:2:   layout_cave_pods
Lair:3:   layout_gridlike, minmay_snake_entry_guardpost_medium,
          lemuel_fruit_tree, grunt_megastairs_5
Lair:4:   layout_long_grid, elwin_shoals_entry_rocks,
          infiniplex_staircase_pool_2, serial_bayou_shore_a,
          lemuel_fruit_fields, grunt_megastairs_3
Lair:5:   layout_regular_city, minmay_slime_entry_eyes, gammafunk_ghost_split,
          beast_lair_carwin_5
Lair:6:   minmay_lair_end_frog_pond, layout_concentric_octagons, pond,
          uniq_nessos, uniq_kirke
Shoals:1: layout_shoals, serial_shops, bzr_entry_safe, argonaut_gorgonesque,
          uniq_frances
Shoals:2: nzn_motion_control, layout_shoals, gammafunk_ghost_tricky_traps
Shoals:3: layout_shoals, uniq_aizul
Shoals:4: shoals_end_grunt_ice, layout_shoals, overgrown_hall
Snake:1:  layout_onion_interference, grunt_ministairs_3, grunt_megastairs_2,
          minmay_shop_grove
Snake:2:  layout_layer_cave, portal_ice_cave_entry_dragon
Snake:3:  layout_honeycomb, serial_shops, shop_statue, nicolae_shop_statue_plus,
          nicolae_shop_window_shopping, shop, st_stairs_9, uniq_mara, uniq_agnes
Snake:4:  snake_pit_salamanders_mu, layout_onion_interference, serial_shops,
          shop, hangedman_snake_pattern
Slime:1:  layout_caves, cheibrodos_slime_lost_civilization_6
Slime:2:  layout_caves
Slime:3:  layout_caves
Slime:4:  layout_caves
Slime:5
Orc:1:    layout_caves, uniq_nergalle
Orc:2:    pf_orc_diabolical, layout_diamond_mine, guppyfry_orc_lava_fort
Elf:1:    eino_elf_arrival_the_gate, layout_loops_corners, minivault_28
Elf:2:    layout_loops_corners, serial_shops, nicolae_shop_stone
Elf:3:    minmay_elf_hall_hex, layout_geoelf_diagonals, minivault_4,
          solitary_fountain, nicolae_elf_big_sculpture_1, guppyfry_library_mini
Vaults:1: v_alt_pattern_1, kennysheep_vaults_gozag_temple,
          nicolae_vaults_hallways_thing, vaults_dpeg_diagonal, v_misc_28,
          ontoclasm_vaults_decontamination, nicolae_vaults_three_branches,
          ontoclasm_vaults_gateway, layout_vaults_omnigrid
Vaults:2: vaults_room_pools, v_alt_pattern_5, nicolae_vaults_little_ls,
          v_misc_10, v_rooms_6, hangedman_vaults_locks,
          nicolae_vaults_murderbox, v_misc_17, vaults_mumra_hex, v_misc_4,
          v_misc_8, nicolae_vaults_angled_halls, layout_vaults_maze_bifur,
          serial_shops, nicolae_shop_waterfront
Vaults:3: minmay_crypt_entry_simple_sparse, vaults_room_octagon,
          nicolae_vaults_network_barrier, v_misc_31,
          nicolae_vaults_display_case, vaults_standard_mumra_enter_the_diamond,
          hangedman_vaults_restitches, vaults_dpeg_ring,
          layout_vaults_chaotic_city
Vaults:4: vaults_room_glass_cross, ontoclasm_vaults_claustrophobia, v_misc_16,
          nicolae_vaults_network_quincunx
          [nicolae_vaults_network_quincunx_subvault,
          nicolae_vaults_network_quincunx_subvault,
          nicolae_vaults_network_quincunx_subvault,
          nicolae_vaults_network_quincunx_subvault,
          nicolae_vaults_network_quincunx_subvault], hangedman_vaults_nails,
          vaults_room_fancy_cross, grunt_vaults_swirl, v_rooms_1,
          ontoclasm_vaults_twist, hangedman_vaults_nails,
          nicolae_vaults_network_quinsquares
          [nicolae_vaults_network_quincunx_subvault,
          nicolae_vaults_network_quincunx_subvault,
          nicolae_vaults_network_quincunx_subvault,
          nicolae_vaults_network_quincunx_subvault],
          nicolae_vaults_specimen_jars, layout_vaults_omnicross, serial_shops,
          shop, shop, uniq_bai_suzhen, uniq_jory
Vaults:5: serial_shops
Crypt:1:  gammafunk_sealed_arena, layout_rooms, gammafunk_ghost_spectres,
          uniq_xtahua
Crypt:2:  layout_regular_city, basic_altar, minmay_misc_feat_pillars
Crypt:3:  lightli_unholy_cathedral, layout_chaotic_city,
          tomb_entry_simple_bobbens, st_stairs_4, grunt_ministairs_15
Depths:1: layout_gridlike, enter_ziggurat_c, serial_shops, shop, hellmouth_3,
          kennysheep_generic_room_11, kennysheep_random_hallway
Depths:2: angbandy_vault, layout_gridlike, lightli_too_deep, serial_shops, shop,
          kennysheep_path_1, minmay_checkered_concentric_circles,
          minmay_staircase_statues, uniq_asterion
Depths:3: grunt_x_marks_the_spot, layout_cave_pools, hell_entry,
          rand_demon_pan_entry_9, nicolae_ru_awakened_eye,
          nicolae_uskayaw_en_pointe, minmay_staircase_windowed_small
Depths:4: cheibrodos_lost_city_excavation, layout_cave_pools, hell_entry,
          hangedman_abyss_or_decor_stagger, abyss_entry,
          infiniplex_staircase_pillars_1, minmay_shop_star
Depths:5: grunt_zot_entry_bicorn, layout_honeycomb, serial_rivers,
          chequers_serial_rivers_small_3, chequers_serial_rivers_marsh,
          chequers_serial_rivers_marsh, chequers_serial_rivers_large_b,
          pf_coc_iceberg, grunt_pan_entry_sceptre, serial_shops,
          nicolae_shop_window_shopping, nicolae_shop_behind_doors, shop, shop,
          shop, minmay_misc_feat_tower, grunt_potential, uniq_saint_roka
Zot:1:    layout_basic
Zot:2:    layout_gridville
Zot:3:    layout_gridlike, gammafunk_ghost_wrathful_warriors, zot_minivault_1
Zot:4:    layout_basic
Zot:5:    layout_concentric_octagons
Pan:      lemuel_hall_of_pain, layout_small_grid, reaverb_pan_squares,
          regret_index_pan_draining_boxed, layout_cellular_growth,
          uniq_mennas_pan, nicolae_pan_cerebovesque_2, grunt_pan_in_and_out,
          layout_irregular_city, pan_blood_fountain_small,
          evilmike_mini_pan_other_thingy, layout_cellular_growth,
          nicolae_pan_sigil_nadil, nicolae_pan_glass_arcs,
          layout_pan_divisions_a [pan_division_quadrant_a2,
          pan_division_quadrant_a6, pan_division_quadrant_a4,
          pan_division_quadrant_a4, pan_division_octagon_box],
          pan_blood_fountain

Skill      XL: |  1  2  3  4  5  6  7  8  9 10 11 12 13 14 15 16 17 18 19 20 21 22 23 24 25 26 27 |
---------------+----------------------------------------------------------------------------------+-----
Spellcasting   | 4 5 6 7 8 10 11 12 13 14 15 16 17 18 19 20 26 | 26.2
Fighting       | 1 3 6 8 9 10 11 12 13 14 16 17 18 19 20 21 22 23 | 23.1
Armour         | 1 4 6 8 10 13 | 13.1
Evocations     | 1 4 6 8 9 10 11 12 | 12.0
Dodging        | 5 7 9 10 11 12 13 14 15 16 17 18 19 20 21 22 23 | 23.8
Shields        | 3 5 7 9 10 11 13 14 15 16 17 18 19 20 25 | 25.0
Stealth        | |  1.5

Action                   |  1- 3 |  4- 6 |  7- 9 | 10-12 | 13-15 | 16-18 | 19-21 | 22-24 | 25-27 || total
-------------------------+-------+-------+-------+-------+-------+-------+-------+-------+-------++-------
Melee: Dagger            |     3 |     5 |    14 |       |       |       |       |       |       ||    22
       Unarmed           |       |     1 |       |       |       |       |       |       |       ||     1
       Scimitar          |       |       |       |     5 |       |       |       |       |       ||     5
       Staff             |       |       |       |     3 |    15 |    25 |    13 |    26 |    30 ||   112
Throw: Dart              |       |       |       |     1 |       |       |       |       |       ||     1
 Cast: Magic Dart        |    36 |       |       |     3 |     9 |       |       |       |       ||    48
       Shock             |     6 |     1 |       |       |       |       |       |       |     2 ||     9
       Searing Ray       |     5 |    39 |    60 |    47 |    17 |    11 |     6 |    12 |     9 ||   206
       Corpse Rot        |       |     1 |       |     2 |       |       |       |       |       ||     3
       Iskenderun's Myst |       |     2 |     7 |   104 |   361 |   479 |   340 |   409 |  1062 ||  2764
       Fulminant Prism   |       |     1 |     9 |     7 |    18 |       |     3 |     3 |     6 ||    47
       Dazzling Flash    |       |       |     3 |     1 |       |       |       |       |       ||     4
       Vampiric Draining |       |       |       |     6 |     4 |       |       |       |     5 ||    15
       Call Canine Famil |       |       |       |     3 |     4 |     7 |       |     2 |     1 ||    17
       Borgnjor's Vile C |       |       |       |    19 |   104 |    29 |    64 |   113 |   119 ||   448
       Dispersal         |       |       |       |       |     2 |     1 |       |       |       ||     3
       Conjure Ball Ligh |       |       |       |       |       |    41 |    69 |    42 |    23 ||   175
       Lee's Rapid Decon |       |       |       |       |       |     2 |       |     4 |    28 ||    34
       Death Channel     |       |       |       |       |       |       |     1 |     1 |       ||     2
       Spellforged Servi |       |       |       |       |       |       |       |    20 |     6 ||    26
       Fire Storm        |       |       |       |       |       |       |       |       |   286 ||   286
Evoke: Wand              |       |       |       |     8 |     6 |     4 |       |    25 |     5 ||    48
       Condenser vane    |       |       |       |       |       |       |       |     2 |       ||     2
  Use: Scroll            |       |     3 |     9 |     8 |    13 |     3 |     3 |     7 |    10 ||    56
       Potion            |       |       |     1 |       |     1 |     2 |     8 |    11 |     5 ||    28
 Stab: Paralysed         |       |       |       |       |       |     1 |       |       |       ||     1
Armor: Robe              |     8 |     5 |    17 |    21 |    46 |    39 |    20 |    38 |    46 ||   240
       Ice dragon scales |       |       |       |       |       |    17 |       |       |       ||    17
       Ring mail         |       |       |       |       |       |       |       |       |     3 ||     3
Dodge: Dodged            |     4 |    13 |    90 |    66 |   190 |   278 |   224 |   299 |   412 ||  1576
       Repelled          |       |       |       |       |       |    28 |    21 |    24 |    47 ||   120
Block: Kite shield       |       |       |       |       |     8 |   181 |   202 |   221 |   392 ||  1004
       Reflection        |       |       |       |       |       |     5 |    72 |    39 |    17 ||   133
       Tower shield      |       |       |       |       |       |       |       |       |    54 ||    54
       Rpst.: Scimitar   |       |       |       |    10 |       |       |       |       |       ||    10

Table legend: (Time is in decaauts)
 A = Elapsed time spent in this place.
 B = Non-inter-level travel time spent in this place.
 C = Inter-level travel time spent in this place.
 D = Time resting spent in this place.
 E = Time spent auto-exploring this place.
 F = Levels seen in this place.
 G = Mean time per level.
                   A        B        C        D        E       F      G
               +--------+--------+--------+--------+--------+-----+--------+
         Total |  57468 |  49634 |   7834 |   3080 |  33622 |  68 |  845.1 |
       Dungeon |  15504 |  12864 |   2640 |   1997 |   8815 |  15 | 1033.6 |
        Temple |    204 |    173 |     31 |      0 |    159 |   1 |  204.0 |
          Lair |   6407 |   5221 |   1186 |    271 |   3767 |   6 | 1067.8 |
        Shoals |   3343 |   3161 |    182 |      5 |   2316 |   4 |  835.8 |
     Snake Pit |   3679 |   3107 |    572 |      4 |   2331 |   4 |  919.8 |
    Slime Pits |    333 |    303 |     30 |     17 |      6 |   5 |   66.6 |
  Orcish Mines |   1640 |   1327 |    313 |      5 |    936 |   2 |  820.0 |
   Elven Halls |   3246 |   3025 |    221 |     41 |   2041 |   3 | 1082.0 |
        Vaults |   7501 |   5873 |   1628 |     71 |   4253 |   5 | 1500.2 |
         Crypt |   2383 |   2246 |    137 |      0 |   1483 |   3 |  794.3 |
        Depths |   5536 |   4983 |    553 |     36 |   3183 |   5 | 1107.2 |
           Zot |   4593 |   4256 |    337 |     77 |   3325 |   5 |  918.6 |
         Abyss |   1034 |   1034 |      0 |    236 |    263 |   2 |  517.0 |
   Pandemonium |   1275 |   1275 |      0 |     18 |    627 |   5 |  255.0 |
        Bazaar |     35 |     35 |      0 |      0 |     22 |   1 |   35.0 |
       Ossuary |    372 |    372 |      0 |    244 |     55 |   1 |  372.0 |
      Ice Cave |    375 |    375 |      0 |     58 |     40 |   1 |  375.0 |
               +--------+--------+--------+--------+--------+-----+--------+

Top non-repeatable levels by time:
     D:9: 1721 daAuts
Vaults:3: 1647 daAuts
Vaults:4: 1597 daAuts
Depths:2: 1587 daAuts
Vaults:1: 1510 daAuts
Depths:5: 1467 daAuts
Vaults:5: 1406 daAuts
Vaults:2: 1339 daAuts
     D:7: 1322 daAuts
     D:1: 1277 daAuts
  Lair:3: 1212 daAuts
   Orc:2: 1208 daAuts
  Lair:2: 1205 daAuts
 Snake:4: 1161 daAuts
   Elf:3: 1160 daAuts
